 Dungeon Crawl Stone Soup version 0.30-a0-722-g3e6e8c874d (webtiles) character file.

Game seed: 4541486894832031267

151 Darius099 the Cudgeller (level 5, -10/32 HPs)
             Began as a Gargoyle Fighter on Jan 28, 2023.
             Mangled by a gnoll
             ... wielding a +0 halberd
              (12 damage)
             ... on level 3 of the Dungeon.
             The game lasted 00:04:03 (2025 turns).

Darius099 the Cudgeller (Gargoyle Fighter)          Turns: 2025, Time: 00:04:04

Health: -10/32     AC: 13    Str: 22    XL:     5   Next: 33%
Magic:  5/5        EV:  7    Int:  8    God:
Gold:   146        SH:  5    Dex: 15    Spells: 4/4 levels left

rFire   . . .      SeeInvis .    s - +2 mace (venom)
rCold   . . .      Faith    .    c - +0 buckler
rNeg    + . .      Spirit   .    k - +0 chain mail
rPois   ∞          Reflect  .    (no helmet)
rElec   +          Harm     .    (no cloak)
rCorr   .          Rampage  .    (no gloves)
Will    .....                    (no boots) Stlth
                                 (no amulet)
HPRegen 0.25/turn                f - +6 ring of dexterity
MPRegen 0.09/turn                (no ring)

@: no status effects
A: sickness immunity, AC +4, negative energy resistance 1, electricity
resistance, torment resistance 1, petrification resistance
a: no special abilities


You were on level 3 of the Dungeon.
You visited 1 branch of the dungeon, and saw 3 of its levels.

You collected 146 gold pieces.

Inventory:

Hand Weapons
 a - a +0 flail
 s - a +2 mace of venom (weapon)
Armour
 c - a +0 buckler (worn)
 k - a +0 chain mail (worn)
Jewellery
 f - a +6 ring of dexterity (left hand)
 h - a +6 ring of intelligence
Scrolls
 j - a scroll of enchant armour {unknown}
 l - a scroll of noise {unknown}
 n - a scroll of enchant weapon {unknown}
 q - a scroll of identify
 r - a scroll of poison {unknown}
 t - a scroll of immolation {unknown}
Potions
 b - a potion of resistance
 d - a potion of might
 e - a potion of degeneration
 g - a potion of attraction
 i - a potion of flight
 m - a potion of mutation
 o - a potion of curing {unknown}
 p - a potion of lignification {unknown}


   Skills:
 - Level 3.2 Fighting
 + Level 5.4 Maces & Flails
 - Level 3.2 Armour
 - Level 3.2 Shields


You had 4 spell levels left.
You didn't know any spells.
Your spell library was empty.

Dungeon Overview and Level Annotations

Branches:
Dungeon (3/15)

Altars:


Innate Abilities, Weirdness & Mutations

You are immune to sickness and miasma.
Your stone body is resilient. (AC +4)
You are immune to poison.
You resist negative energy. (rN+)
You are resistant to electric shocks. (rElec)
You are resistant to unholy torment.
You are immune to petrification.


Message History

The worm barely misses you.
You sock the worm!
You kill the worm!
Things that are here:
a +0 dagger; a +0 flail You start resting.
HP restored.
Things that are here:
a +0 dagger; a +0 flail
Things that are here:
a +0 halberd; a gnoll corpse
Things that are here:
a +0 club; a +0 hand axe The gnoll shouts!
The gnoll sergeant shouts!
Found a hand axe.
t - a scroll labelled ETUYCAWUOPT A gnoll sergeant opens the door.
You block the gnoll's attack.
Found the +5 woodcutter's axe.
The gnoll sergeant closely misses you. The gnoll hits you but does no damage.
There is an open door here.
You hit the gnoll sergeant.
The gnoll sergeant is poisoned.
The gnoll sergeant is moderately wounded.
The gnoll sergeant hits you with a +4 spear of venom.
The gnoll closely misses you. The gnoll sergeant barely misses you.
The gnoll hits you with a +0 halberd!
You sock the gnoll sergeant!
The gnoll sergeant looks as sick as possible!
The gnoll sergeant is heavily wounded.
You block the gnoll sergeant's attack. The gnoll hits you with a +0 halberd!
You are too injured to fight recklessly!
You are too injured to fight recklessly!
You are too injured to fight recklessly!
You are too injured to fight recklessly!
You completely miss the gnoll sergeant.
The gnoll sergeant is severely wounded.
The gnoll sergeant hits you with a +4 spear of venom!
* * * LOW HITPOINT WARNING * * *
The gnoll hits you with a +0 halberd!
You die...

♣♣♣♣♣♣ ♣♣...)♣
♣♣♣..##### ♣♣♣.)..#...#
###♣♣....♣.#g..##
#...)).....@g.).#
#.#♣♣)..♣..#...##
#.##♣♣♣....#...#
#..###♣♣♣..#####
######....## ♣♣)...♣
.....#w....## ♣♣♣♣♣♣
.....g...<..#### .
...w...........#####....
........................


You could see a gnoll sergeant (extremely poisoned) and a gnoll.

Vanquished Creatures
  Jessica (D:2)
  3 gnolls (D:3)
  5 adders (D:2)
  3 worms
  A dart slug (D:2)
  An orc (D:3)
  6 endoplasms
  A giant cockroach (D:1)
  4 goblins
  4 hobgoblins
  2 quokkas (D:2)
  2 ball pythons (D:1)
  A bat (D:1)
  A frilled lizard (D:1)
  3 kobolds
  4 rats
42 creatures vanquished.

Notes
Turn   | Place    | Note
-------+----------+-------------------------------------------
     0 | D:1      | Darius099 the Gargoyle Fighter began the quest for the Orb.
     0 | D:1      | Reached XP level 1. HP: 14/14 MP: 1/1
   264 | D:1      | Reached XP level 2. HP: 3/19 MP: 2/2
   689 | D:1      | Reached skill level 3 in Maces & Flails
  1152 | D:2      | Reached XP level 3. HP: 21/23 MP: 3/3
  1355 | D:2      | Reached skill level 4 in Maces & Flails
  1404 | D:2      | Reached XP level 4. HP: 25/28 MP: 4/4
  1717 | D:2      | Noticed Jessica
  1720 | D:2      | Killed Jessica
  1735 | D:2      | Reached skill level 5 in Maces & Flails
  1929 | D:3      | Reached XP level 5. HP: 31/32 MP: 5/5
  2022 | D:3      | Found the +5 woodcutter's axe
  2025 | D:3      | Mangled by a gnoll

Illustrated notes

Levels and vault maps discovered:
D:1:      scummos_arrival_hexagon, layout_basic, chequers_serial_rivers_large_a
D:2:      layout_basic, uniq_jessica
D:3:      layout_rooms, mainiacjoe_overflow_alcove_4,
          pf_guarded_unrand_woodcutter

Skill      XL: |  1  2  3  4 |
---------------+-------------+-----
Maces & Flails | 3 4 5 |  5.4
Fighting       | |  3.2
Armour         | |  3.2
Shields        | |  3.2

Action                     |  1- 3 |  4- 6 || total
---------------------------+-------+-------++-------
  Melee: Flail             |   120 |    40 ||   160
         Mace              |       |    25 ||    25
    Use: Scroll            |       |     5 ||     5
 Armour: Scale mail        |    27 |       ||    27
         Chain mail        |    49 |    32 ||    81
  Dodge: Dodged            |    56 |    23 ||    79
  Block: Buckler           |    20 |    16 ||    36

Table legend: (Time is in decaauts)
 A = Elapsed time spent in this place.
 B = Non-inter-level travel time spent in this place.
 C = Inter-level travel time spent in this place.
 D = Time resting spent in this place.
 E = Time spent auto-exploring this place.
 F = Levels seen in this place.
 G = Mean time per level.
                   A        B        C        D        E       F      G
               +--------+--------+--------+--------+--------+-----+--------+
         Total |   2071 |   2044 |     27 |    184 |   1395 |   3 |  690.3 |
       Dungeon |   2071 |   2044 |     27 |    184 |   1395 |   3 |  690.3 |
               +--------+--------+--------+--------+--------+-----+--------+

Top non-repeatable levels by time:
     D:1: 1019 daAuts
     D:2: 911 daAuts
     D:3: 141 daAuts
